 Dungeon Crawl Stone Soup version 0.23.2-30-g0e89c35649 (webtiles) character file.

Game seed: 6127810727462305904

34 TrebMcFLY the Firebug (level 3, 0/19 HPs)
             Began as a Deep Elf Fire Elementalist on June 20, 2019.
             Succumbed to an adder's poison
             ... on level 2 of the Dungeon.
             The game lasted 00:03:51 (1000 turns).

TrebMcFLY the Firebug (Deep Elf Fire Elementalist)  Turns: 1000, Time: 00:03:51

Health: 0/19       AC:  2    Str:  5    XL:     3   Next: 14%
Magic:  5/10       EV: 13    Int: 20    God:
Gold:   63         SH:  0    Dex: 15    Spells: 3/9 levels left

rFire    . . .     SeeInvis .   q - +2 dagger (elec)
rCold    . . .     Gourm    .   (no shield)
rNeg     . . .     Faith    .   a - +0 robe
rPois    .         Spirit   .   (no helmet)
rElec    .         Reflect  .   (no cloak)
rCorr    .         Harm     .   (no gloves)
MR       .....                  (no boots)
Stlth    ++........             (no amulet)
HPRegen  0.06/turn              (no ring)
MPRegen  0.12/turn              (no ring)

@: lethally poisoned (0 -> -13)
A: no striking features
a: no special abilities


You were on level 2 of the Dungeon.
You were not hungry.

You visited 1 branch of the dungeon, and saw 2 of its levels.

You collected 63 gold pieces.

Inventory:

Hand Weapons
 q - a +2 dagger of electrocution (weapon)
Armour
 a - a +0 robe (worn)
Scrolls
 d - 3 scrolls of identify {unknown}
 e - a scroll of enchant armour {unknown}
 f - 2 scrolls of amnesia {unknown}
 i - a scroll of magic mapping {unknown}
 j - a scroll of remove curse {unknown}
 l - a scroll of immolation {unknown}
 n - a scroll of random uselessness {unknown}
Potions
 b - a potion of heal wounds {unknown}
 g - a potion of magic {unknown}
 h - a potion of flight {unknown}
 k - a potion of brilliance {unknown}
 m - a potion of lignification {unknown}
 o - a potion of ambrosia {unknown}
Comestibles
 c - 2 rations
 p - 2 chunks of flesh


   Skills:
 - Level 2.4 Dodging
 - Level 2.4 Stealth
 + Level 3.6 Spellcasting
 + Level 1.8 Conjurations
 * Level 4.1 Fire Magic


You had 3 spell levels left.
You knew the following spells:

 Your Spells              Type           Power        Failure   Level  Hunger
a - Flame Tongue          Conj/Fire      ###..        4%          1    None
b - Throw Flame           Conj/Fire      ###...       6%          2    ##.....
c - Conjure Flame         Conj/Fire      ###.....     12%         3    ###....

Your spell library contained the following spells:

 Spells                   Type           Power        Failure   Level  Hunger
 Inner Flame              Hex/Fire       ##......     17%         3    ###....
 Sticky Flame             Conj/Fire      ###.....     36%         4    ####...
 Fireball                 Conj/Fire      ###.......   73%         5    ######.


Dungeon Overview and Level Annotations

Branches:
Dungeon (2/15)

Altars:


Message History

You miss the adder.
The adder is lightly wounded.
The adder misses you.
You hit the adder.
The adder is heavily wounded.
You feel sick. The adder closely misses you. The adder bites you.
* * * LOW HITPOINT WARNING * * *
You are more poisoned.
The adder poisons you!
You miss the adder.
The adder is heavily wounded.
* * * LOW HITPOINT WARNING * * *
You feel sick. The adder closely misses you.
You barely miss the adder.
The adder is heavily wounded.
* * * LOW HITPOINT WARNING * * *
You feel sick. The adder misses you.
You hit the adder but do no damage.
The adder is heavily wounded.
You die...

### #. #...#.# ######
#.#.#.. .....####
#.....## #......S.
#....####........
######....#<........
#.....#.#.#.........
#.##.........##+#
#.##......#..S@.#
#.#...#...#.#####
##...............
#...)..#.#.#.#.#
##..#....<......#
....#.#####รท....#
##..#.#...<)....#
....#....#...)..###.#
....##########..^...#


You could see an adder.

Vanquished Creatures
  An ooze (D:1)
  A dart slug (D:1)
  A leopard gecko (D:2)
  2 giant cockroaches (D:1)
  4 goblins
  8 kobolds
  4 bats (D:1)
  2 frilled lizards (D:1)
  4 rats
27 creatures vanquished.

Notes
Turn   | Place    | Note
-------+----------+-------------------------------------------
     0 | D:1      | TrebMcFLY the Deep Elf Fire Elementalist began the quest
                  | for the Orb.
     0 | D:1      | Reached XP level 1. HP: 10/10 MP: 6/6
    86 | D:1      | Reached XP level 2. HP: 15/15 MP: 4/8
   156 | D:1      | Learned a level 2 spell: Throw Flame
   460 | D:1      | Reached skill level 4 in Fire Magic
   802 | D:2      | Reached XP level 3. HP: 19/19 MP: 2/10
   912 | D:2      | Learned a level 3 spell: Conjure Flame
  1000 | D:2      | Succumbed to an adder's poison

Skill      XL: |  1  2 |
---------------+-------+-----
Fire Magic     | 4 |  4.1
Dodging        | |  2.4
Stealth        | |  2.4
Spellcasting   | |  3.6
Conjurations   | |  1.8

Action                   || total
-------------------------++-------
Melee: Whip              ||     3
       Dagger            ||     9
 Cast: Flame Tongue      ||    37
       Throw Flame       ||    17
  Eat: Chunk             ||     1
Armor: Robe              ||     2
Dodge: Dodged            ||    26
